 Dungeon Crawl Stone Soup version 0.25-a0-426-g7d9e569eea (webtiles) character file.

Game seed: 860029117507181719, levelgen mode: deterministic

13032 Nattfarinn the Fighter (level 11, -3/73 HPs)
             Began as a Vampire Enchanter on Jan 25, 2020.
             Was an Initiate of Gozag.
             Slain by Rupert
             ... wielding a +2 executioner's axe of flaming
              (24 damage)
             ... while paralysed by Rupert
             ... on level 12 of the Dungeon.
             The game lasted 00:36:46 (12934 turns).

Nattfarinn the Fighter (Vampire Enchanter)         Turns: 12934, Time: 00:36:47

Health: -3/73      AC: 16    Str: 11    XL:     11   Next: 70%
Magic:  14/15      EV:  2    Int: 18    God:    Gozag
Gold:   996        SH:  0    Dex: 18    Spells: 8/16 levels left

rFire    . . .     SeeInvis +   a - +3 dagger
rCold    + + .     Gourm    .   (no shield)
rNeg     + + +     Faith    .   O - +6 leather armour of Masochism {MR- Regen+ Int-3 Dex+3 Stlth+}
rPois    ∞         Spirit   .   R - +1 hat of Coronation {-Tele rN++ Slay+3 SInv}
rElec    .         Reflect  +   z - scarf {repulsion}
rCorr    .         Harm     .   g - +2 pair of gloves
MR       .....     NoTele   +   B - +2 pair of boots
Stlth    +++++.....             y - +4 amulet of reflection
HPRegen  0.00/turn              x - +4 ring of strength
MPRegen  0.14/turn              (no ring)

@: confused, paralysed, bloodless, repel missiles
A: no food, fangs 3, see invisible, unbreathing
a: Bat Form, Revivify, Potion Petition, Call Merchant, Bribe Branch, Renounce
Religion


You were on level 12 of the Dungeon.
You worshipped Gozag.
Gozag was pleased with you.
You were bloodless.

You visited 2 branches of the dungeon, and saw 13 of its levels.
You also visited: Sewer.

You collected 1947 gold pieces.
You spent 333 gold pieces at shops.
You paid 618 gold pieces to Gozag.

Inventory:

Hand Weapons
 a - a +3 dagger (weapon)
 d - a +1 spear of venom
Armour
 b - a +0 robe
 g - a +2 pair of gloves (worn)
 z - a scarf of repulsion (worn)
 B - a +2 pair of boots (worn)
 I - a +0 buckler
 O - the +6 leather armour of Masochism (worn) {MR- Regen+ Int-3 Dex+3 Stlth+}
   (You bought it in a shop on level 9 of the Dungeon)

   It affects your intelligence (-3).
   It affects your dexterity (+3).
   It affects your resistance to hostile enchantments.
   It increases your rate of regeneration.
   It makes you more stealthy.
 P - a +2 robe of positive energy
 R - the +1 hat of Coronation (worn) {-Tele rN++ Slay+3 SInv}
   (You found it on level 10 of the Dungeon)

   It affects your accuracy and damage with ranged weapons and melee attacks
   (+3).
   It greatly protects you from negative energy.
   It lets you see invisible.
   It prevents most forms of teleportation.
Jewellery
 f - an uncursed amulet of guardian spirit {unknown}
 x - a +4 ring of strength (left hand)
 y - a +4 amulet of reflection (around neck)
 A - a +2 ring of slaying {unknown}
 F - an uncursed ring of magical power {unknown}
 J - a cursed ring of attention {unknown}
 K - an uncursed amulet of regeneration {unknown}
 N - a cursed -2 ring of dexterity {unknown}
 U - an uncursed ring of protection from cold {unknown}
Wands
 r - a wand of acid (15)
 t - a wand of iceblast (15)
 u - a wand of scattershot (7)
 E - a wand of digging (8)
 G - a wand of random effects (19)
 H - a wand of flame (13)
 S - a wand of clouds (5)
Scrolls
 c - a scroll of fog
 h - 3 scrolls of immolation
 i - 10 scrolls of teleportation
 k - 4 scrolls of remove curse
 l - 5 scrolls of fear
 p - 4 scrolls of amnesia
 s - a scroll of magic mapping
 L - 6 scrolls of identify
Potions
 e - 2 potions of curing
 j - 3 potions of degeneration {unknown}
 m - 5 potions of agility
 n - 4 potions of magic {unknown}
 o - 5 potions of haste
 q - 3 potions of heal wounds
 v - a potion of berserk rage {unknown}
 w - a potion of resistance {unknown}
 C - 3 potions of mutation {unknown}
 D - a potion of lignification {unknown}
 M - 2 potions of ambrosia {unknown}
 Q - 3 potions of flight {unknown}
 T - a potion of cancellation {unknown}


   Skills:
 * Level 10.6 Fighting
 + Level 9.0 Short Blades
 * Level 10.3 Dodging
 - Level 10.5 Stealth
 - Level 3.0 Spellcasting
 - Level 8.8 Hexes


You had 8 spell levels left.
You knew the following spells:

 Your Spells              Type           Power        Failure   Level  Hunger
b - Ensorcelled Hibernat  Hex/Ice        ###...       5%          2    N/A
c - Tukima's Dance        Hex            ####....     1%          3    N/A
d - Confusing Touch       Hex            ####....     1%          3    N/A

Your spell library contained the following spells:

 Spells                   Type           Power        Failure   Level  Hunger
 Corona                   Hex            ####...      1%          1    N/A
 Slow                     Hex            ####....     1%          2    N/A
 Dazzling Flash           Conj/Hex       ###...       11%         3    N/A
 Summon Guardian Golem    Hex/Summ       ###.....     11%         3    N/A
 Freeze                   Ice            #...         22%         1    N/A
 Magic Dart               Conj           #...         22%         1    N/A
 Summon Small Mammal      Summ           #...         22%         1    N/A
 Blink                    Tloc           N/A          32%         2    N/A
 Call Imp                 Summ           #.......     32%         2    N/A
 Searing Ray              Conj           #.....       32%         2    N/A
 Fulminant Prism          Conj/Hex       ###.......   34%         4    N/A
 Call Canine Familiar     Summ           #.......     54%         3    N/A
 Conjure Flame            Conj/Fire      #.......     54%         3    N/A
 Gell's Gravitas          Tloc           #.........   54%         3    N/A
 Mephitic Cloud           Conj/Pois/Air  #.......     54%         3    N/A
 Ozocubu's Armour         Chrm/Ice       #.......     54%         3    N/A
 Metabolic Englaciation   Hex/Ice        ###.......   67%         5    N/A
 Yara's Violent Unravell  Hex/Tmut       ###.......   67%         5    N/A
 Hailstorm                Conj/Ice       #.......     91%         4    N/A
 Iskenderun's Mystic Bla  Conj/Tloc      #.......     91%         4    N/A
 Petrify                  Tmut/Erth      #.......     91%         4    N/A
 Summon Ice Beast         Ice/Summ       #.......     91%         4    N/A
 Summon Lightning Spire   Summ/Air       #.......     91%         4    N/A

Dungeon Overview and Level Annotations

Branches:
Dungeon (12/15)            Temple (1/1) D:6            Lair (0/6) D:8
    Orc (0/2) D:9           Sewer (visited)

Altars:
Ashenzari
Cheibriados
Dithmenos
Elyvilon
Fedhas
Gozag
Kikubaaqudgha
Makhleb
Nemelex Xobeh
Okawaru
Qazlal
Ru
Sif Muna
Trog
Uskayaw
Vehumet
Wu Jian
Xom
Yredelemnul
Zin
The Shining One

Shops:
D:5 [   D:8 %   D:9 [(   D:10 (

Annotations:
D:12 Rupert


Innate Abilities, Weirdness & Mutations

You do not eat.
You do not regenerate when monsters are visible.
You are frail without blood (-20% HP).
You can heal yourself when you bite living creatures.
You are immune to poison.
You have razor-sharp teeth.
You have supernaturally acute eyesight. (SInv)
You can survive without breathing.


Message History

You cannot teleport because you are wearing the +1 hat of Coronation {-Tele rN++ Slay+3 SInv}.
Rupert says, "My Mum always said: 'Kill them all.'" Rupert yells loudly at you.
You are confused.
You bump into the rock wall.
Rupert yells loudly at you.
You suddenly lose the ability to move!
Rupert hits you with a +2 executioner's axe of flaming!!
Rupert burns you.
Rupert hits you with a +2 executioner's axe of flaming!
Rupert burns you.
Rupert says, "My Mum always said: 'Kill them all.'" Rupert hits you with a +2 executioner's axe of flaming.
Rupert burns you.
Rupert hits you with a +2 executioner's axe of flaming!
Rupert burns you.
* * * LOW HITPOINT WARNING * * *
Rupert hits you with a +2 executioner's axe of flaming!!
You die...
Your body crumbles into a pile of gold.

## ######### ########### #.
........# #.........#####.
........#####.........##..'.
........'.@@..........##.##.
........#####.........##.##.
........# #............##.
).......# #.........#####.
........# #.........# #.
####+#### ###.####### ##
#..# ##'### #....#


You could see Rupert.

Vanquished Creatures
  Josephine (D:9)
  2 two-headed ogres
  An unseen horror (D:11)
  A deep elf mage (D:12)
  An oklob plant (D:10)
  Psyche (D:11)
  A gargoyle (D:10)
  2 trolls
  A hornet (D:7)
  3 hippogriffs
  Prince Ribbit (D:6)
  9 yaks (D:11)
  Sigmund (D:5)
  3 wraiths
  2 wyverns
  A steam dragon (D:11)
  Edmund (D:6)
  A water moccasin (D:11)
  2 porcupines (D:8)
  3 ice beasts
  An eye of draining (D:10)
  3 orc warriors
  3 black bears
  6 centaurs
  3 crocodiles
  A big kobold (D:11)
  11 bullfrogs
  A gnoll sergeant (D:10)
  5 scorpions
  A water moccasin skeleton (D:8)
  10 killer bees
  A howler monkey (D:7)
  3 wights
  5 crimson imps
  2 hounds
  A quasit (D:7)
  6 jellies
  A centaur skeleton (D:9)
  3 orc wizards
  Jessica (D:3)
  Natasha (thrice) (D:2)
  3 iguanas
  Ijyb (D:3)
  10 worker ants
  A killer bee zombie (D:9)
  2 hound skeletons
  A worker ant zombie (D:2)
  2 gnolls
  21 adders
  5 river rats
  2 shadow imps
  14 oozes
  An adder skeleton (D:8)
  6 worms
  3 dart slugs
  4 leopard geckos
  31 orcs
  3 ball pythons (Sewer)
  8 bats
  3 giant cockroaches
  10 goblins
  8 hobgoblins
  11 kobolds
  4 quokkas
  11 frilled lizards
  2 jackal zombies
  20 rats
296 creatures vanquished.

Vanquished Creatures (collateral kills)
  2 wights (D:10)
  An orc priest (D:11)
  5 gnolls
  A leopard gecko (D:7)
  3 orcs
12 creatures vanquished.

Vanquished Creatures (others)
  3 dancing weapons
  A shadow imp (D:7)
  A leopard gecko (D:10)
  14 fungi
  A plant (D:8)
20 creatures vanquished.

Grand Total: 328 creatures vanquished

Notes
Turn   | Place    | Note
-------+----------+-------------------------------------------
     0 | D:1      | Nattfarinn the Vampire Enchanter began the quest for the
                  | Orb.
     0 | D:1      | Reached XP level 1. HP: 13/13 MP: 3/3
   120 | D:1      | Found an iron altar of Okawaru.
   324 | D:1      | Reached XP level 2. HP: 5/15 MP: 5/5
   838 | D:1      | Reached skill level 5 in Hexes
  1190 | D:2      | Noticed Natasha
  1194 | D:2      | Noticed a crimson imp
  1197 | D:2      | Killed Natasha
  1197 | D:2      | Reached skill level 5 in Stealth
  1197 | D:2      | Reached XP level 3. HP: 19/19 MP: 6/6
  1202 | D:2      | Learned a level 2 spell: Ensorcelled Hibernation
  1206 | D:2      | Learned a level 3 spell: Tukima's Dance
  1217 | D:2      | Noticed Natasha
  1238 | D:2      | Found an iron altar of Okawaru.
  1353 | D:2      | Found a blossoming altar of Fedhas.
  1679 | D:2      | Reached XP level 4. HP: 24/24 MP: 7/7
  2091 | D:2      | Killed Natasha
  2363 | D:2      | Reached XP level 5. HP: 25/28 MP: 9/9
  2538 | D:2      | Noticed Natasha
  2550 | D:2      | Killed Natasha
  2650 | D:3      | Learned a level 3 spell: Confusing Touch
  3054 | D:3      | Noticed Ijyb
  3170 | D:3      | Noticed Jessica
  3184 | D:3      | Killed Jessica
  3258 | D:3      | Killed Ijyb
  3366 | D:3      | Found an ornate altar of the Wu Jian Council.
  3681 | D:3      | Found a glowing silver altar of Zin.
  3691 | D:3      | Found a white marble altar of Elyvilon.
  3766 | D:4      | Found a sacrificial altar of Ru.
  3776 | D:4      | Reached XP level 6. HP: 32/32 MP: 7/10
  4263 | D:4      | Found a burning altar of Makhleb.
  4263 | D:4      | Found a shimmering altar of Xom.
  4367 | D:5      | Entered Level 5 of the Dungeon
  4588 | D:5      | Noticed Sigmund
  4593 | D:5      | Killed Sigmund
  4593 | D:5      | Reached XP level 7. HP: 40/40 MP: 8/11
  4698 | D:5      | Found Byig's Armour Shoppe.
  4808 | D:5      | Bought a scarf of repulsion for 144 gold pieces
  4847 | D:5      | Found a shadowy altar of Dithmenos.
  5413 | D:6      | Reached XP level 8. HP: 48/48 MP: 12/12
  5484 | D:6      | Noticed Edmund
  5495 | D:6      | Killed Edmund
  5777 | D:6      | Found a glowing drain.
  5785 | Sewer    | Entered a sewer
  6477 | D:6      | Found a staircase to the Ecumenical Temple.
  6489 | Temple   | Entered the Ecumenical Temple
  6564 | Temple   | Became a worshipper of Gozag Ym Sagoz the Greedy
  6587 | D:6      | Reached skill level 5 in Fighting
  6729 | D:6      | Noticed Prince Ribbit
  6736 | D:6      | Killed Prince Ribbit
  6749 | D:6      | Reached skill level 10 in Stealth
  7078 | D:7      | Reached skill level 5 in Short Blades
  7300 | D:7      | Reached XP level 9. HP: 44/55 MP: 8/13
  7997 | D:7      | Found a white marble altar of Elyvilon.
  8344 | D:8      | Found Anuzeill's Food Shop.
  8511 | D:8      | Reached skill level 5 in Dodging
  8716 | D:8      | Found a stormy altar of Qazlal.
  8724 | D:8      | Found a staircase to the Lair.
  8925 | D:8      | Found a shimmering blue altar of Sif Muna.
  9116 | D:9      | Found a hide-covered altar of Uskayaw.
  9143 | D:9      | Reached XP level 10. HP: 63/64 MP: 7/14
  9262 | D:9      | Found Gajiutig's Weapon Boutique.
  9262 | D:9      | Found a staircase to the Orcish Mines.
 10108 | D:10     | Entered Level 10 of the Dungeon
 10108 | D:10     | Found Nytuirghe's Weapon Boutique.
 10108 | D:10     | Noticed a gargoyle
 10120 | D:9      | Bought a faintly glowing leather armour for 189 gold pieces
 10130 | D:9      | Identified the +6 leather armour of Masochism {MR- Regen+
                  | Int-3 Dex+3 Stlth+} (You bought it in a shop on level 9 of
                  | the Dungeon)
 10141 | D:10     | Killed a gargoyle
 10533 | D:10     | Noticed Josephine
 10533 | D:10     | Noticed a two-headed ogre
 10818 | D:9      | Killed Josephine
 10839 | D:10     | Killed a two-headed ogre
 10988 | D:10     | Got an ancient hat
 10994 | D:10     | Identified the +1 hat of Coronation {-Tele rN++ Slay+3
                  | SInv} (You found it on level 10 of the Dungeon)
 11189 | D:10     | Noticed an oklob plant
 11252 | D:10     | Reached XP level 11. HP: 61/71 MP: 3/15
 11357 | D:10     | Killed an oklob plant
 11547 | D:11     | Noticed Psyche
 11552 | D:11     | Killed Psyche
 11899 | D:11     | Noticed a two-headed ogre
 11904 | D:11     | Killed a two-headed ogre
 11904 | D:11     | Reached skill level 10 in Fighting
 12154 | D:11     | Noticed an unseen horror
 12168 | D:11     | Killed an unseen horror
 12282 | D:11     | Reached skill level 10 in Dodging
 12718 | D:12     | Noticed a deep elf mage
 12731 | D:12     | Killed a deep elf mage
 12920 | D:12     | Noticed Rupert
 12929 | D:12     | Paralysed by Rupert for 6 turns
 12934 | D:12     | Slain by Rupert

Levels and vault maps discovered:
D:1:      dpeg_arrival_more_subterranean_lakeside_camping, layout_basic,
          minmay_stone_trees_medium, okawaru_ov_weapons_minmay
D:2:      layout_basic, old_standard_altar, lemuel_coloured_pillars_altar,
          uniq_natasha
D:3:      layout_loops_ring, marbit_many_paths, amethyst_overflow_temple_binary,
          minmay_close_crescents, uniq_ijyb, uniq_jessica
D:4:      layout_gridville, grunt_temple_overflow_champion_of_chaos,
          old_standard_altar
D:5:      layout_basic, nicolae_dithmenos_shadow_blocks, serial_shops, shop,
          first_ration, uniq_sigmund
D:6:      layout_loops_ring, nicolae_overflow_hidden_temple,
          minmay_temple_entry_slanted, lightli_sewer_entry_pipes, uniq_edmund,
          uniq_prince_ribbit1
D:7:      layout_gridville, elyvilon_altar_4
D:8:      layout_cave_pools, kennysheep_mini_moat, led_sif_pool,
          due_lair_maze_entry_diamond, serial_shops, shop
D:9:      layout_irregular_city, eat_drink_and_be_merry_uskayaw, orc_david_3
D:10:     lemuel_slime, layout_gridville, serial_shops,
          nicolae_shop_statue_plus, uniq_josephine
D:11:     layout_roguey, uniq_psyche
D:12:     layout_roguey, grunt_ogre_cave, uniq_rupert
Temple:   chequers_temple_sunken

Skill      XL: |  1  2  3  4  5  6  7  8  9 10 11 |
---------------+----------------------------------+-----
Hexes          | 5 6 7 8 |  8.8
Stealth        | 5 6 7 8 10 | 10.5
Spellcasting   | 3 |  3.0
Fighting       | 2 3 5 7 9 10 | 10.6
Short Blades   | 2 3 5 6 8 9 |  9.0
Dodging        | 5 8 10 | 10.3

Action                   |  1- 3 |  4- 6 |  7- 9 | 10-12 || total
-------------------------+-------+-------+-------+-------++-------
Melee: Spear             |    64 |    59 |       |       ||   123
       Bite              |     5 |    12 |    25 |    50 ||    92
       Dagger            |       |   120 |   344 |   386 ||   850
 Cast: Ensorcelled Hiber |       |    10 |    74 |    67 ||   151
       Confusing Touch   |       |     1 |     6 |    10 ||    17
       Tukima's Dance    |       |       |     6 |    15 ||    21
Invok: Potion Petition   |       |       |     1 |       ||     1
       Call Merchant     |       |       |       |     1 ||     1
 Abil: Exsanguinate      |     1 |       |       |       ||     1
Evoke: Wand              |       |       |       |     1 ||     1
  Use: Potion            |     1 |       |       |     1 ||     2
       Scroll            |       |     5 |    10 |     3 ||    18
 Stab: Sleeping          |     6 |    36 |    74 |    56 ||   172
       Distracted        |       |     2 |     4 |     2 ||     8
       Confused          |       |     1 |     6 |    11 ||    18
Armor: Robe              |     6 |    20 |    67 |    15 ||   108
       Leather armour    |       |       |       |    45 ||    45
Dodge: Dodged            |    35 |    85 |   185 |   201 ||   506
       Deflected         |       |       |       |    10 ||    10
Block: Other             |       |     3 |    47 |    44 ||    94
       Reflection        |       |       |       |     3 ||     3

Table legend:
 A = Non-vault XP
 B = Vault XP
 C = Vault XP percentage of total XP
 D = Non-vault monster count
 E = Vault monster count
 F = Vault count percentage of total count
                 A         B        C        D         E       F
            +---------+---------+-------+---------+---------+-------
      Total |   13582 |    5036 |  27.0 |     226 |      82 |  26.6
            +---------+---------+-------+---------+---------+-------
        D:1 |      22 |       0 |   0.0 |      12 |       0 |   0.0
        D:2 |     179 |      36 |  16.7 |      26 |       1 |   3.7
        D:3 |      57 |      77 |  57.5 |      20 |       5 |  20.0
        D:4 |     194 |      50 |  20.5 |      12 |       1 |   7.7
        D:5 |     347 |     220 |  38.8 |      24 |       1 |   4.0
        D:6 |     774 |     536 |  40.9 |      19 |      12 |  38.7
        D:7 |    1058 |       0 |   0.0 |      18 |       0 |   0.0
        D:8 |     776 |    1006 |  56.5 |      11 |      10 |  47.6
        D:9 |    1073 |    1529 |  58.8 |      19 |       8 |  29.6
       D:10 |    2465 |    1084 |  30.5 |      17 |      20 |  54.1
       D:11 |    5551 |     434 |   7.3 |      44 |       1 |   2.2
       D:12 |    1086 |       0 |   0.0 |       4 |       0 |   0.0
      Sewer |       0 |      64 | 100.0 |       0 |      23 | 100.0
            +---------+---------+-------+---------+---------+-------
